 Dungeon Crawl Stone Soup version 0.23-b1-58-ge3fafae (webtiles) character file.

Game seed: 9131837910402396176

33 Kairos the Shield-Bearer (level 3, 0/20 HPs)
             Began as a Vine Stalker Fighter on Feb 4, 2019.
             Slain by Robin
             ... wielding a +3 whip of flaming
              (1 damage)
             ... on level 2 of the Dungeon.
             The game lasted 00:01:36 (1064 turns).

Kairos the Shield-Bearer (Vine Stalker Fighter)     Turns: 1064, Time: 00:01:36

Health: 0/20       AC:  8    Str: 17    XL:     3   Next: 29%
Magic:  0/3        EV:  7    Int:  8    God:
Gold:   105        SH:  9    Dex: 15    Spells: 2/2 levels left

rFire    + . .     SeeInvis .   a - +0 war axe
rCold    + . .     Gourm    .   c - +0 shield
rNeg     . . .     Faith    .   b - +2 scale mail
rPois    .         Spirit   +   (no helmet)
rElec    .         Reflect  .   e - scarf {rC+ rF+}
rCorr    .         Harm     .   (no gloves)
MR       .....                  (no boots)
Stlth    ..........             (no amulet)
HPRegen  0.06/turn              (no ring)
MPRegen  0.08/turn              (no ring)

@: no status effects
A: fangs 2, agile 1, low mp 1, robust 1, weak 1, magic shield, antimagic bite,
no potion heal 3, rot immunity
a: no special abilities


You were on level 2 of the Dungeon.
You were hungry.

You visited 1 branch of the dungeon, and saw 2 of its levels.

You collected 105 gold pieces.

Inventory:

Hand Weapons
 a - a +0 war axe (weapon)
Armour
 b - a +2 scale mail (worn)
 c - a +0 shield (worn)
 e - a scarf of resistance (worn)
Scrolls
 g - 3 scrolls of teleportation {unknown}
 h - a scroll of identify
 j - a scroll of amnesia {unknown}
Potions
 d - a potion of might
 i - a potion of degeneration {unknown}
 k - a potion of flight {unknown}
 l - a potion of agility {unknown}
Comestibles
 f - 4 rations


   Skills:
 + Level 2.9 Fighting
 + Level 2.2 Axes
 + Level 2.7 Armour
 + Level 0.1 Dodging
 + Level 0.1 Stealth
 + Level 3.1 Shields


You had 2 spell levels left.
You didn't know any spells.
Your spell library was empty.

Dungeon Overview and Level Annotations

Branches:
Dungeon (2/15)

Altars:

Annotations:
D:2 Robin


Innate Abilities, Weirdness & Mutations

You have extremely sharp teeth.
When hurt, damage is shared between your health and your magic reserves.
Your bite disrupts and absorbs the magic of your enemies.
Potions cannot restore your health.
You are immune to rotting.
You are agile. (Dex +2)
Your magical capacity is low. (-10% MP)
You are robust. (+10% HP)
You are weak. (Str -2)


Message History

The goblins go into a battle-frenzy!
Robin barely misses you.
You hear a shout!
You hit Robin. Your bite misses Robin.
Robin is moderately wounded.
Robin hits you but does no damage.
You hit Robin but do no damage.
Robin is moderately wounded.
Robin hits you with a +3 whip of flaming.
* * * LOW HITPOINT WARNING * * *
Robin says, "My army is invincible!"
Robin hits you with a +3 whip of flaming.
* * * LOW HITPOINT WARNING * * *
You barely miss Robin. You bite Robin, but do no damage.
Robin is moderately wounded.
You block Robin's attack.
You closely miss Robin. You bite Robin, but do no damage.
Robin is moderately wounded.
Robin hits you with a +3 whip of flaming.
You die...

#.#.##.# #......#
#.#..#.###......#
#........'......#
####...###.)....#
##..# #..(...#
#..# #..(...#
#..# ###)####
##.# #.# #.. #@#
#.. #g# #S# #g#


gg. #.# ... #.# You could see Robin, an adder, a hobgoblin and 2 goblins.

Vanquished Creatures
  A dart slug (D:1)
  A leopard gecko (D:2)
  5 bats
  A giant cockroach (D:1)
  7 goblins
  4 hobgoblins
  2 frilled lizards
  6 kobolds
  2 rats (D:1)
29 creatures vanquished.

Notes
Turn   | Place    | Note
-------+----------+-------------------------------------------
     0 | D:1      | Kairos the Vine Stalker Fighter began the quest for the
                  | Orb.
     0 | D:1      | Reached XP level 1. HP: 11/11 MP: 2/2
    85 | D:1      | Reached XP level 2. HP: 16/16 MP: 3/3
   684 | D:1      | Reached skill level 3 in Shields
   793 | D:1      | Gained mutation: Your magical capacity is low. (-10% MP)
                  | [potion of mutation]
   793 | D:1      | Gained mutation: You are weak. (Str -2) [potion of
                  | mutation]
   793 | D:1      | Gained mutation: You are robust. (+10% HP) [potion of
                  | mutation]
   793 | D:1      | Gained mutation: You are agile. (Dex +2) [potion of
                  | mutation]
   990 | D:2      | Reached XP level 3. HP: 20/20 MP: 3/3
  1050 | D:2      | Noticed Robin
  1062 | D:2      | HP: 1/20 [Robin/+3 whip of flaming (1)]
  1064 | D:2      | Slain by Robin

Skill      XL: |  1  2 |
---------------+-------+-----
Axes           | 2 |  2.2
Shields        | 3 |  3.1
Fighting       | |  2.9
Armour         | |  2.7
Dodging        | |  0.1
Stealth        | |  0.1

Action                   || total
-------------------------++-------
Melee: War axe           ||    74
       Bite              ||    17
  Use: Scroll            ||     5
       Potion            ||     1
Armor: Scale mail        ||    45
Dodge: Dodged            ||    23
Block: Shield            ||    48
